 Dungeon Crawl Stone Soup version 0.31.0-12-g77e489cdc1 (webtiles) character file.

Game seed: 3188245093838098163

64 PriceMaster the Sneak (level 3, -1/16 HPs)
             Began as a Spriggan Enchanter on Mar 3, 2024.
             Succumbed to a goblin's poison
             ... on level 3 of the Dungeon.
             The game lasted 00:02:22 (1704 turns).

PriceMaster the Sneak (Spriggan Enchanter)          Turns: 1704, Time: 00:02:22

Health: -1/16      AC:  2    Str:  4    XL:     3   Next: 91%
Magic:  1/8        EV: 17    Int: 18    God:
Gold:   116        SH:  0    Dex: 15    Spells: 2/7 levels left

rFire   . . .        a - +1 dagger
rCold   . . .        (no shield)
rNeg    . . .        b - +0 robe
rPois   .            (helmet restricted)
rElec   .            (no cloak)
rCorr   .            (gloves unavailable)
SInv    +            (boots unavailable)
Will    +++..        (no amulet)
Stlth   +++          e - ring of willpower
HPRegen 0.22/turn    k - ring of willpower
MPRegen 0.11/turn

%: no passive effects
@: lethally poisoned (-1 -> -14), enlightened, flying, invisible, very quick
A: very small, no large weapons, unfitting armour, see invisible, speed 3
a: no special abilities


You were on level 3 of the Dungeon.
You visited 1 branch of the dungeon, and saw 3 of its levels.

You collected 116 gold pieces.

Inventory:

Hand Weapons
 a - a +1 dagger (weapon)
Armour
 b - a +0 robe (worn)
Jewellery
 e - a ring of willpower (left hand)
 k - a ring of willpower (right hand)
 o - a ring of fire
Scrolls
 f - a scroll of enchant weapon {unknown}
 g - 2 scrolls of identify {unknown}
 m - 3 scrolls of torment {unknown}
 p - a scroll of fog {unknown}
Potions
 d - 3 potions of curing {unknown}
 h - a potion of lignification {unknown}
 i - a potion of might {unknown}
 j - a potion of enlightenment
 l - a potion of haste {unknown}
 n - a potion of mutation {unknown}
 q - 2 potions of heal wounds {unknown}


   Skills:
 + Level 1.5 Short Blades
 + Level 2.7 Dodging
 * Level 6.6 Stealth
 + Level 2.9 Spellcasting
 + Level 4.0 Hexes


You had 2 spell levels left.
You knew the following spells:

 Your Spells              Type           Power      Damage    Failure   Level
a - Ensorcelled Hibernat  Hex/Ice        20%        N/A       11%         2
b - Tukima's Dance        Hex            17%        N/A       10%         3

Your spell library contained the following spells:

 Spells                   Type           Power      Damage    Failure   Level
 Confusing Touch          Hex            17%        N/A       10%         3
 Sigil of Binding         Hex            17%        N/A       10%         3
 Dazzling Flash           Conj/Hex       20%        N/A       22%         3
 Call Canine Familiar     Summ           2%         N/A       45%         3
 Dimensional Bullseye     Hex/Tloc       5%         N/A       56%         4
 Alistair's Intoxication  Alch           1%         N/A       99%         5
 Borgnjor's Vile Clutch   Necr/Erth      1%         N/A       99%         5
 Eringya's Noxious Bog    Alch           1%         4d6       100%        6


Dungeon Overview and Level Annotations

Branches:
Dungeon (3/15)

Altars:
Sif Muna


Innate Abilities, Weirdness & Mutations

You are very small and have problems with some larger weapons.
You are too small for most types of armour.
You have supernaturally acute eyesight. (SInv)
You cover ground extremely quickly. (Speed+++)


Message History

You impale the endoplasm!!
You kill the endoplasm!
No target in view!
Magic restored.
A goblin comes into view. It is wielding a +1 dagger of venom.
A goblin is nearby!
A goblin is nearby!
A goblin is nearby!
The goblin shouts!
You hear a shout!
The goblin looks drowsy...
You can't see any susceptible monsters within range! (Use Z to cast anyway.)
A rat comes into view.
The goblin is unaffected.
The goblin is unaffected.
The goblin shouts!
You barely miss the goblin.
The goblin hits you with a +1 dagger of venom.
You are poisoned.
You hit the goblin.
The goblin is severely wounded.
You feel very sick. The goblin barely misses you.
You closely miss the goblin.
The goblin is heavily wounded.
You feel sick. The goblin misses you.
The goblin is unaffected.
You feel sick.
The goblin hits you with a +1 dagger of venom.
* * * LOW HITPOINT WARNING * * *
You are more poisoned.
The rat misses you.
You are too injured to fight recklessly!
You are too injured to fight recklessly!
You fade into invisibility!
* * * LOW HITPOINT WARNING * * *
You feel very sick. The goblin misses you. The rat barely misses you.
It was a potion of enlightenment.
You feel very buoyant.
You fly up into the air.
You die...

#.## .... ....
≈≈≈≈. #..# #
....≈. #..####.#
≈.≈.≈.##.......
...≈.≈........
._.≈.≈..#.rg#
...≈.≈....@.# #
≈≈≈≈.≈....#.#.#
.....≈......#.#
≈≈≈≈≈≈........#.
................#
...........#.####
......†...##.####
###.####<........
#. #.#)#.#...


You could see a goblin (unable to see you) and a rat (unable to see you).

Vanquished Creatures
  An adder (D:2)
  A gnoll (D:1)
  A dart slug (D:1)
  4 bats
  7 endoplasms
  A giant cockroach (D:1)
  5 goblins
  4 hobgoblins
  3 kobolds
  A quokka (D:2)
  3 ball pythons (D:2)
  4 frilled lizards
  5 rats
40 creatures vanquished.

Notes
Turn   | Place    | Note
-------+----------+-------------------------------------------
     0 | D:1      | PriceMaster the Spriggan Enchanter began the quest for the
                  | Orb.
     0 | D:1      | Reached XP level 1. HP: 9/9 MP: 5/5
   118 | D:1      | Reached skill level 5 in Stealth
   118 | D:1      | Reached XP level 2. HP: 4/13 MP: 6/6
   295 | D:1      | Learned a level 2 spell: Ensorcelled Hibernation
   592 | D:1      | Reached XP level 3. HP: 16/16 MP: 2/8
   927 | D:2      | Reached skill level 6 in Stealth
  1320 | D:2      | Learned a level 3 spell: Tukima's Dance
  1649 | D:3      | Found a shimmering blue altar of Sif Muna.
  1704 | D:3      | Succumbed to a goblin's poison

Illustrated notes

Levels and vault maps discovered:
D:1:      nzn_arrival_crosshair, layout_loops_ring, minmay_octomino_j4
D:2:      layout_rooms, grunt_ministairs_2
D:3:      layout_basic, lemuel_tele_altar,
          mainiacjoe_overflow_concentric_impassable,
          lemuel_coloured_pillars_altar

Skill      XL: |  1  2  3 |
---------------+----------+-----
Stealth        | 5 6 |  6.6
Hexes          | 4 |  4.0
Short Blades   | |  1.5
Dodging        | |  2.7
Spellcasting   | |  2.9

Action                     || total
---------------------------++-------
  Melee: Dagger            ||    74
   Cast: Ensorcelled Hiber ||    31
    Use: Potion            ||     3
   Stab: Sleeping          ||    29
         Invisible         ||     2
 Armour: Robe              ||    11
  Dodge: Dodged            ||    50
